 Dungeon Crawl Stone Soup version 0.30-a0-879-ga8ba668304 (webtiles) character file.

Game seed: 15236600160233202444

1403210 Lobster4 the Slayer (level 27, 260/260 HPs)
             Began as a Pale Draconian Conjurer on Mar 10, 2023.
             Was the Champion of the Shining One.
             Escaped with the Orb
             ... and 3 runes on Mar 12, 2023!
             The game lasted 06:44:31 (111344 turns).

Lobster4 the Slayer (Pale Draconian Conjurer)     Turns: 111344, Time: 06:44:32

Health: 260/260    AC: 25    Str: 15    XL:     27
Magic:  44/44      EV: 26    Int: 33    God:    the Shining One [******]
Gold:   6574       SH: 20    Dex: 21    Spells: 14/60 levels left

rFire   + + .      SeeInvis +    e - +11 trident "Xigimoqi" {protect, Contam rN+ MP+9}
rCold   + . .      Faith    .    q - +2 shield of Resistance {rF++ rC++ Will++}
rNeg    + + +      Spirit   .    (body armour unavailable)
rPois   +          Reflect  +    D - +3 crown of Dyrovepreva {rElec Int+2 SInv}
rElec   +          Rampage  .    g - +4 dragonskin cloak
rCorr   .                        u - +2 pair of gloves "Naen" {rPois rF- rC+ Slay+4}
Will    +++++                    z - +0 pair of boots of Shadows and Fog {rC- Will+++ Str-3 Int+5}
Stlth   +                        v - amulet of reflection
HPRegen 0.63/turn                r - ring of Oqoapp {rF+ rN+ Int+3 Dex+4}
MPRegen 0.29/turn                p - ring "Hajaedu" {Will+ Int+3 Dex+5 Slay+3}

@: glowing
A: breathe steam, AC +13, unfitting armour, cold-blooded, steam resistance,
stinger 1, thin skeletal structure 1, clumsy 1, deterioration 1, dopey 1, low MP
2, strong-willed 2, electricity resistance, inhibited regeneration, cold
vulnerability 1, devolution 1
0: Orb of Zot
}: 3/15 runes: serpentine, barnacled, silver
a: Breathe Steam, Renounce Religion, Divine Shield, Cleansing Flame, Summon
Divine Warrior


You escaped.
You worshipped the Shining One.
The Shining One was exalted by your worship.
You visited 12 branches of the dungeon, and saw 52 of its levels.
You also visited: Trove, Sewer, Bailey, Gauntlet, Ice Cave and Wizlab.

You collected 9349 gold pieces.
You spent 2775 gold pieces at shops.

Inventory:

Hand Weapons
 e - the +11 trident "Xigimoqi" (weapon) {protect, Contam rN+ MP+9}
   (You found it in a Gauntlet)

   rN:        It protects you from negative energy.
   MP:        It affects your magic capacity (+9).
   Contam:    It causes magical contamination when unequipped.
Armour
 g - the +4 dragonskin cloak (worn)
   (You took it off Tiamat on level 4 of the Realm of Zot)

   Avatar's Aegis: It grants the wearer a chance to resist fire, cold, poison,
   electricity, acid, and negative energy.
 q - the +2 shield of Resistance (worn) {rF++ rC++ Will++}
   (You found it on level 5 of the Vaults)

   rF:        It greatly protects you from fire.
   rC:        It greatly protects you from cold.
   Will:      It greatly increases your willpower.
 t - the +0 hat "Ciybb" {Regen+ Int+2}
   (You found it in a Gauntlet)

   Int:       It affects your intelligence (+2).
   Regen:     It increases your rate of health regeneration.
 u - the +2 pair of gloves "Naen" (worn) {rPois rF- rC+ Slay+4}
   (You found it on level 3 of the Crypt)

   Slay:      It affects your accuracy & damage with ranged weapons and melee
   (+4).
   rF:        It makes you vulnerable to fire.
   rC:        It protects you from cold.
   rPois:     It protects you from poison.
 z - the +0 pair of boots of Shadows and Fog (worn) {rC- Will+++ Str-3 Int+5}
   (You found it in a Gauntlet)

   Str:       It affects your strength (-3).
   Int:       It affects your intelligence (+5).
   rC:        It makes you vulnerable to cold.
   Will:      It greatly increases your willpower.
 D - the +3 crown of Dyrovepreva (worn) {rElec Int+2 SInv}
   (You acquired it on level 3 of the Crypt)

   Int:       It affects your intelligence (+2).
   rElec:     It insulates you from electricity.
   SInv:      It lets you see invisible.
 N - a +2 cloak of preservation
Jewellery
 p - the ring "Hajaedu" (right hand) {Will+ Int+3 Dex+5 Slay+3}
   (You found it on level 5 of the Vaults)

   [ring of willpower]

   Int:       It affects your intelligence (+3).
   Dex:       It affects your dexterity (+5).
   Slay:      It affects your accuracy & damage with ranged weapons and melee
   (+3).
   Will:      It increases your willpower.
 r - the ring of Oqoapp (left hand) {rF+ rN+ Int+3 Dex+4}
   (You bought it in a shop on level 3 of the Depths)

   [ring of positive energy]

   Int:       It affects your intelligence (+3).
   Dex:       It affects your dexterity (+4).
   rF:        It protects you from fire.
   rN:        It protects you from negative energy.
 s - the ring "Luuffets" {rC+ Slay+4}
   (You found it in a treasure trove)

   [ring of slaying]

   Slay:      It affects your accuracy & damage with ranged weapons and melee
   (+4).
   rC:        It protects you from cold.
 v - an amulet of reflection (around neck)
 T - the amulet of the Burgomaster {RegenMP Fly}
   (You found it on level 5 of the Lair of Beasts)

   [amulet of magic regeneration]

   It increases your rate of magic regeneration.
   Fly:       It grants you flight.
Wands
 l - a wand of flame (51)
 y - a wand of mindburst (30)
 A - a wand of digging (4)
 R - a wand of light (15)
 V - a wand of roots (50)
Scrolls
 b - 2 scrolls of fog
 c - 6 scrolls of fear
 j - 10 scrolls of enchant armour
 o - 5 scrolls of teleportation
 E - 2 scrolls of silence
 G - 2 scrolls of magic mapping
 M - 2 scrolls of immolation
 S - 5 scrolls of poison
 U - 2 scrolls of blinking
 W - 3 scrolls of butterflies
Potions
 a - 2 potions of magic
 d - 7 potions of lignification
 f - 22 potions of flight
 h - 2 potions of berserk rage
 i - 6 potions of haste
 k - 22 potions of curing
 n - 5 potions of brilliance
 w - a potion of might
 C - 8 potions of heal wounds
 F - 5 potions of ambrosia
 J - a potion of resistance
 Z - 2 potions of cancellation
Miscellaneous
 x - a tin of tremorstones (2/2)
 P - a lightning rod (4/4)
 Q - a phantom mirror


   Skills:
 * Level 23.7 Fighting
 - Level 1.6 Short Blades
 + Level 18.7(18.8) Polearms
 - Level 3.0(12.6) Staves
 - Level 2.0 Throwing
 + Level 19.6 Dodging
 - Level 6.0 Stealth
 - Level 12.0 Shields
 + Level 17.4 Spellcasting
 + Level 19.1 Conjurations
 - Level 3.0 Translocations
 - Level 8.0 Fire Magic
 - Level 5.0 Ice Magic
 + Level 18.4 Air Magic
 + Level 5.1 Earth Magic
 - Level 6.0 Poison Magic
 - Level 15.0 Invocations
 - Level 6.0 Evocations


You had 14 spell levels left.
You knew the following spells:

 Your Spells              Type           Power      Damage    Failure   Level
a - Magic Dart            Conj           100%       1d8       0%          1
b - Searing Ray           Conj           100%       2d8       0%          2
c - Poisonous Vapours     Pois/Air       100%       N/A       1%          2
d - Airstrike             Air            50%        2d(8-24)  0%          4
e - Shock                 Conj/Air       100%       1d9       0%          1
f - Iskenderun's Mystic   Conj/Tloc      80%        2d16      1%          4
g - Stone Arrow           Conj/Erth      100%       3d13      1%          3
h - Freezing Cloud        Conj/Ice/Air   44%        6-21      1%          5
i - Swiftness             Air            100%       N/A       0%          3
j - Arcjolt               Conj/Air       50%        1d60      1%          5
k - Sticky Flame          Conj/Fire      87%        2d10      1%          4
l - Iron Shot             Conj/Erth      41%        9d8       2%          6
w - Flame Wave            Conj/Fire      87%        2d19      1%          4
z - Blink                 Tloc           96%        N/A       1%          2

Your spell library contained the following spells:

 Spells                   Type           Power      Damage    Failure   Level
 Freeze                   Ice            100%       1d10      1%          1
 Kiss of Death            Conj/Necr      100%       2d13      1%          1
 Sandblast                Erth           100%       2d20      1%          1
 Sting                    Tmut/Pois      100%       1d8       1%          1
 Cigotuvi's Dreadful Rot  Necr/Pois/Air  100%       N/A       1%          2
 Lesser Beckoning         Tloc           96%        N/A       1%          2
 Passwall                 Tmut/Erth      37%        N/A       1%          2
 Dazzling Flash           Conj/Hex       100%       N/A       1%          3
 Ignite Poison            Fire/Tmut/Pois 56%        N/A       1%          3
 Inner Flame              Hex/Fire       53%        N/A       1%          3
 Kindle Blastsparks       Fire/Tloc/Air  100%       2d18      1%          3
 Mephitic Cloud           Conj/Pois/Air  90%        N/A       1%          3
 Vhi's Electric Charge    Tloc/Air       100%       N/A       1%          3
 Fulminant Prism          Conj/Hex       37%        3d17      1%          4
 Irradiate                Conj/Tmut      37%        3d24      1%          5
 Iskenderun's Battlesphe  Conj           100%       2d15      1%          5
 Silence                  Hex/Air        37%        N/A       1%          5
 Beastly Appendage        Tmut           56%        N/A       2%          1
 Necrotise                Necr           100%       1d9       2%          1
 Slow                     Hex            100%       N/A       2%          1
 Gell's Gravitas          Tloc           48%        N/A       2%          3
 Teleport Other           Tloc           48%        N/A       2%          3
 Olgreb's Toxic Radiance  Pois           62%        N/A       2%          4
 Sublimation of Blood     Necr           28%        N/A       4%          2
 Wereblood                Tmut           28%        N/A       4%          2
 Portal Projectile        Hex/Tloc       76%        N/A       4%          3
 Manifold Assault         Tloc           48%        N/A       8%          4
 Passage of Golubria      Tloc           48%        N/A       8%          4
 Confusing Touch          Hex            28%        N/A       9%          3
 Tukima's Dance           Hex            28%        N/A       9%          3
 Vampiric Draining        Necr           28%        2d8       9%          3
 Lee's Rapid Deconstruct  Erth           29%        3d15*     9%          5
 Petrify                  Tmut/Erth      45%        N/A       10%         4
 Maxwell's Capacitive Co  Air            50%        ∞         10%         8
 Alistair's Intoxication  Tmut/Pois      32%        N/A       22%         5
 Cause Fear               Hex            14%        N/A       26%         4
 Dispel Undead            Necr           28%        3d13      26%         4
 Borgnjor's Vile Clutch   Necr/Erth      22%        N/A       26%         5
 Spellforged Servitor     Conj/Summ      37%        N/A       41%         7
 Storm Form               Tmut/Air       37%        N/A       45%         7
 Agony                    Necr           28%        N/A       58%         5
 Blade Hands              Tmut           14%        N/A       58%         5
 Yara's Violent Unravell  Hex/Tmut       14%        3d7       58%         5
 Dispersal                Tloc           24%        N/A       77%         6
 Eringya's Noxious Bog    Tmut/Pois      24%        N/A       77%         6
 Lehudib's Crystal Spear  Conj/Erth      41%        10d10     77%         8
 Chain Lightning          Conj/Air       50%        3d66      77%         9
 Statue Form              Tmut/Erth      30%        N/A       82%         6
 Ozocubu's Refrigeration  Ice            29%        4d13      96%         7
 Summon Cactus Giant      Summ           14%        N/A       99%         6
 Dragon Form              Tmut           14%        N/A       100%        7
 Enfeeble                 Hex            14%        N/A       100%        7
 Summon Hydra             Summ           14%        N/A       100%        7
 Discord                  Hex            14%        N/A       100%        8
 Ignition                 Fire           34%        3d11      100%        8
 Death's Door             Necr           14%        N/A       100%        9
 Fire Storm               Conj/Fire      43%        8d11      100%        9
 Shatter                  Erth           29%        3d24*     100%        9
 Animate Armour           Summ/Erth      Unusable   N/A       N/A         4

Dungeon Overview and Level Annotations

Branches:
Dungeon (15/15)            Temple (1/1) D:4            Lair (5/5) D:11
 Shoals (4/4) Lair:2        Snake (4/4) Lair:2        Slime (0/5) Lair:4
    Orc (2/2) D:10            Elf (3/3) Orc:2        Vaults (5/5) D:14
  Crypt (3/3) Vaults:2       Tomb (1/3) Crypt:3      Depths (4/4) D:15
    Zot (5/5) Depths:4      Sewer (visited)          Bailey (visited)
  IceCv (visited)          WizLab (visited)         Gauntlet (visited)

Altars:
Ashenzari
Cheibriados
Dithmenos
Elyvilon
Fedhas
Gozag
Hepliaklqana
Kikubaaqudgha
Makhleb
Nemelex Xobeh
Okawaru
Qazlal
Ru
Sif Muna
Trog
Uskayaw
Vehumet
Wu Jian
Xom
Yredelemnul
Zin
The Shining One

Shops:
D:8 [   D:10 (   Orc:2 ?[*=   Elf:1 (   Elf:2 ?   Shoals:1 :   Snake:3 ?
Snake:4 *   Vaults:1 [   Depths:1 *   Depths:3 ==:

Portals:
Hell: Depths:1 Depths:2 Depths:3 Depths:4
Abyss: Depths:1 Depths:3
Pandemonium: Depths:2
Ziggurat: Depths:1

Annotations:
Depths:2 exclusion: juggernaut
Zot:2 2 transporters, Joggorr's ghost, veteran OgBe


Innate Abilities, Weirdness & Mutations

You can breathe blasts of scalding, opaque steam.
Your pale cyan-grey scales are hard. (AC +13)
You cannot fit into any form of body armour.
You are cold-blooded and may be slowed by cold attacks.
You are immune to the effects of steam.
Your tail ends in a venomous barb.
You have a somewhat thin skeletal structure. (Dex +2, Stealth+)
You are clumsy. (Dex -2)
Your body sometimes deteriorates upon taking damage.
You are dopey. (Int -2)
Your magical capacity is very low. (-20% MP)
You are highly strong-willed. (Will++)
You are resistant to electric shocks. (rElec)
You do not regenerate when monsters are visible.
You are vulnerable to cold. (rC-)
You have hidden genetic defects.


Message History

There is a stone staircase leading down here.
You enter the shallow water.
Moving in this stuff is going to be slow.
You enter the shallow water.
Moving in this stuff is going to be slow.
There is a stone staircase leading up here.
You feel much better.
You climb upwards.
There is a stone staircase leading down here.
A rat comes into view.
You block the rat's attack.
You completely miss the rat. You tail-slap the rat.
You kill the rat!
There is a stone staircase leading up here.
You start resting.
HP restored.
You climb upwards.
There is a stone staircase leading down here.
A hellion comes into view.
You barely miss the hellion. You impale the hellion!!
Your weapon exudes an aura of protection.
You tail-slap the hellion.
The hellion is severely wounded.
The hellion gestures at you.
The sphere of damnation explodes!
The damnation engulfs you!!
The damnation engulfs the hellion.
The hellion completely resists.
You impale the hellion!!
You kill the hellion!
The Shining One accepts your kill.
You feel better.
Aiming: Dig
Press: ? - help, Shift-Dir - straight line A rock wall.
This square is lit by a halo and is covered in magical glow.
The rock shatters into small pieces.
You feel a genetic drift.
You feel frail.
Your genetic malignance weakens.
There is a staircase leading out of the dungeon here.
You have escaped!

.###)...##.# #.#
####.##### ........##.#
### #.# ####.####### #.#
#.#### #.# #....# ###
#.#### ♣♣♣♣♣ #....#
♣♣♣>♣.♣♣ ♣♣♣ ######
♣......♣♣♣.♣♣
♣♣♣♣..@....♣♣.♣###
####♣♣.........♣......#
#.....♣..♣♣♣.♣♣♣♣.♣♣#.###
######......♣♣♣ ♣♣♣ ♣♣♣
#...# ........#♣♣♣♣ ###.#
###.##### #.#### #.#####
#..... #.##..# ###.....
#.##.## ##### #.......


There were no monsters in sight!

Vanquished Creatures
  5 dread liches
  6 ancient liches
  9 orbs of fire
  Tiamat (Zot:4)
  A juggernaut (Depths:2)
  Mara (Shoals:4)
  Sojobo (Depths:1)
  Josephina (Zot:2)
  5 Killer Klowns
  A curse toe (Zot:3)
  Saint Roka (Orc:2)
  Bai Suzhen (Depths:2)
  5 golden dragons
  4 caustic shrikes
  Nikola (Shoals:4)
  2 bone dragons (Crypt:3)
  A Tzitzimitl (D:4)
  Jorgrun (Orc:2)
  Zenata (Crypt:3)
  3 electric golems
  An Ice Fiend (IceCv)
  15 tentacled monstrosities
  Mlioglotl (Snake:1)
  Rupert (Lair:3)
  A moon troll (WizLab)
  25 Orb Guardians
  6 liches
  4 titans
  9 quicksilver dragons
  Asterion (Elf:3)
  7 death cobs
  3 deep elf blademasters
  3 deep elf master archers
  A kraken (Shoals:2)
  3 tentacled starspawn (WizLab)
  5 ancient champions
  12 sphinxes
  Polyphemus (Shoals:2)
  9 shadow dragons
  Agnes (D:13)
  9 tengu reavers
  Kirke (Snake:2)
  7 draconian monks
  12 storm dragons
  Roxanne (D:15)
  11 fire giants
  3 nagarajas
  8 draconian knights
  2 deep elf sorcerers
  Ilsuiw (Shoals:2)
  The ghost of oldriver the Severer, an adept GrFi of the Shining One (Shoals:1)
  8 draconian scorchers
  20 vault wardens
  2 ghost moths
  A curse skull (Crypt:3)
  3 spectral caustic shrikes (Depths:3)
  5 draconian shifters
  8 frost giants
  3 cacodemons
  9 draconian stormcallers
  4 spriggan defenders
  3 deep elf elementalists (Elf:3)
  14 ironbound preservers
  4 orc warlords
  2 juggernaut skeletons (Crypt:3)
  A reaper (Depths:1)
  A caustic shrike skeleton (Crypt:3)
  37 very ugly things
  7 draconian annihilators
  22 stone giants
  4 war gargoyles
  7 deep elf demonologists
  8 ironbound thunderhulks
  8 vampire knights
  11 black draconians
  Nessos (Lair:4)
  8 purple draconians
  6 green draconians
  13 red draconians
  6 yellow draconians
  16 white draconians
  7 dire elephants
  A minotaur (Gauntlet)
  5 deep elf annihilators
  2 starcursed masses (WizLab)
  4 spark wasps
  Snorg (D:14)
  2 blizzard demons
  A mummy priest (Tomb:1)
  10 deep elf death magi
  10 fire dragons
  8 jiangshi
  8 merfolk impalers
  2 ettins (shapeshifter)
  6 merfolk javelineers
  4 eidola
  4 entropy weavers
  A green death (Depths:1)
  12 ettins
  12 yaktaur captains
  3 deep elf high priests
  The ghost of olddryhag the Spear-Bearer, a journeyman DsGl of Uskayaw (Lair:3)
  A spectral kraken (Shoals:1)
  5 great orbs of eyes
  A spriggan zombie (Crypt:1)
  5 ice dragons
  Fannar (Lair:3)
  5 salamander tyrants
  6 rakshasas
  32 vault guards
  A peacekeeper (Vaults:4)
  A caustic shrike simulacrum (IceCv)
  2 catoblepae
  9 hydras
  A hell beast (Depths:1)
  10 spriggan air magi
  A quicksilver dragon skeleton (Crypt:2)
  2 alligator snapping turtles
  An ogre mage (D:14)
  5 two-headed ogres
  A spriggan skeleton (Crypt:1)
  A fenstrider witch skeleton (Crypt:1)
  16 anacondas
  6 merfolk aquamancers
  20 centaur warriors
  8 merfolk avatars
  2 satyrs (Shoals:4)
  A death knight (D:13)
  5 death scarabs (Tomb:1)
  4 deep troll shamans
  7 ironbound frosthearts
  6 boulder beetles
  5 death yaks
  22 dancing weapons
  5 deep troll earth magi
  17 naga warriors
  An Orb Guardian skeleton (Crypt:2)
  6 vampire magi
  7 spriggan berserkers
  3 orc high priests (Orc:2)
  18 hell knights
  16 naga sharpshooters
  5 tengu warriors
  A sun demon (Depths:1)
  19 deep elf knights
  6 skysharks
  3 shock serpents
  A storm dragon zombie (Crypt:2)
  2 soul eaters
  3 titan skeletons (Crypt:3)
  2 wretched stars (WizLab)
  A sixfirhy (Depths:1)
  A bunyip zombie (Crypt:1)
  2 deep trolls (shapeshifter)
  2 shadow wraiths
  57 skeletal warriors
  A fire crab (shapeshifter) (D:13)
  41 deep trolls
  2 salamander mystics
  A quicksilver dragon simulacrum (Zot:2)
  13 sea snakes
  An orange crystal statue (WizLab)
  A shadow demon (D:10)
  7 flayed ghosts
  9 glowing orange brains
  7 naga ritualists
  2 obsidian statues
  5 lindwurms
  A swamp dragon (Lair:5)
  A bog body (IceCv)
  16 deep elf archers
  6 spriggan simulacra (IceCv)
  12 wizards
  A shadow dragon zombie (Crypt:2)
  A bunyip skeleton (Crypt:3)
  22 ironbound convokers
  An iron giant skeleton (Crypt:1)
  10 phantasmal warriors
  22 orc knights
  10 mana vipers
  53 harpies
  An oklob plant (Lair:1)
  A wolf spider (Lair:5)
  3 broodmother zombies
  56 ugly things
  18 deep elf zephyrmancers
  8 salamanders
  6 orc sorcerers
  32 deep elf pyromancers
  13 manticores
  2 tengu skeletons (Vaults:2)
  A mana viper (shapeshifter) (Elf:2)
  5 necromancers
  4 cyclopes
  A jorogumo skeleton (Crypt:1)
  4 fauns
  22 moths of wrath
  4 merfolk sirens
  A stone giant skeleton (Vaults:2)
  37 black mambas
  21 vault sentinels
  3 guardian serpents
  An eye of devastation (shapeshifter) (Vaults:5)
  A moth of wrath (shapeshifter) (Vaults:4)
  A rust devil (Depths:2)
  2 centaur zombies
  9 elephants
  16 naga magi
  A molten gargoyle (D:14)
  3 gargoyles
  A torpor snail (Lair:5)
  An orange demon (Depths:1)
  An elephant slug zombie (Crypt:3)
  11 water nymphs
  A storm dragon simulacrum (Zot:2)
  3 spectral sea snakes (Shoals:1)
  14 cane toads
  2 smoke demons
  7 eyes of devastation (WizLab)
  2 centaur skeletons (Crypt:3)
  An unseen horror (shapeshifter) (D:15)
  2 hellions
  3 rime drakes (Lair:5)
  2 naga skeletons (Crypt:3)
  A kobold demonologist (D:9)
  An unseen horror (D:11)
  A mana viper zombie (Crypt:1)
  35 yaktaurs
  2 dire elephant skeletons (Crypt:3)
  An anaconda simulacrum (IceCv)
  12 freezing wraiths
  2 guardian mummies (Tomb:1)
  A tormentor (Depths:1)
  2 yaktaur skeletons
  A golden dragon simulacrum (Zot:2)
  11 ice devils
  2 efreet
  14 komodo dragons
  4 human skeletons (Vaults:2)
  3 red devils
  A harpy zombie (Tomb:1)
  22 merfolk
  5 hornets
  A merfolk (shapeshifter) (D:9)
  14 polar bears
  7 wind drakes
  6 trolls
  A tyrant leech (Lair:1)
  2 harpy skeletons (Crypt:3)
  A tarantella (shapeshifter) (D:14)
  A hellwing (Depths:1)
  8 dream sheep
  14 blink frogs
  A boulder beetle zombie (Crypt:1)
  14 snapping turtles
  20 flying skulls
  41 slime creatures
  A culicivora (Vaults:2)
  A raiju (Lair:5)
  A jumping spider (Vaults:1)
  4 spriggans
  11 air elementals
  2 ettin skeletons
  3 shadows
  7 wraiths
  5 ynoxinuls
  3 dire elephant simulacra (IceCv)
  An ice dragon skeleton (Crypt:1)
  A deep troll skeleton (Vaults:2)
  A jumping spider (shapeshifter) (Vaults:5)
  A vampire (D:11)
  55 yaks
  8 wyverns
  6 hogs (Snake:2)
  25 water elementals
  Eustachio (D:4)
  8 basilisks
  2 fire elementals
  6 golden eyes (WizLab)
  2 neqoxecs
  4 steam dragons
  6 vampire mosquitoes
  2 swamp worms (Lair:1)
  6 minotaur simulacra (IceCv)
  10 wargs
  A naga (shapeshifter) (D:15)
  A swamp worm (shapeshifter) (Vaults:4)
  A purple draconian simulacrum (Zot:2)
  3 redbacks
  A merfolk zombie (Crypt:1)
  2 acid dragons
  49 nagas
  A hydra simulacrum (IceCv)
  A fire bat skeleton (Crypt:1)
  3 harpy simulacra
  14 hell hounds (Lair:5)
  12 water moccasins
  A floating eye (shapeshifter) (Vaults:5)
  A swamp drake (Lair:5)
  39 orc warriors
  A sky beast (shapeshifter) (Vaults:5)
  A swamp dragon zombie (Crypt:1)
  A sky beast (D:7)
  3 spectral snapping turtles (Shoals:1)
  7 ogres
  11 black bears (Lair:5)
  2 alligator simulacra (IceCv)
  27 wolves
  12 centaurs
  A swamp dragon skeleton (Crypt:1)
  A manticore skeleton (Crypt:1)
  A hog skeleton (Crypt:1)
  2 phantoms
  2 kobold brigands
  9 bullfrogs
  8 deep troll simulacra (IceCv)
  4 gnoll sergeants (D:10)
  An earth elemental (Elf:3)
  5 scorpions
  8 wights
  8 killer bees
  2 lindwurm simulacra (IceCv)
  3 electric eels
  4 howler monkeys
  A lava snake (D:14)
  3 crimson imps (Gauntlet)
  3 hounds
  A jelly (Lair:4)
  18 orc priests
  2 sleepcaps
  9 iguanas
  23 orc wizards
  4 hell rats (Lair:5)
  An acid dragon skeleton (Crypt:2)
  9 mummies
  2 gnolls (D:10)
  12 adders
  12 river rats
  An ufetubus (D:6)
  5 worms
  4 dart slugs
  92 orcs
  13 bats
  13 endoplasms
  6 giant cockroaches
  13 goblins
  8 hobgoblins
  5 jackals
  5 quokkas
  3 training dummies (Elf:2)
  7 ball pythons
  9 frilled lizards
  A frilled lizard zombie (Crypt:3)
  A goblin zombie (Crypt:3)
  5 kobolds
  14 rats
  4 starspawn tentacles (WizLab)
  2 tentacles (Shoals:2)
2507 creatures vanquished.

Vanquished Creatures (collateral kills)
  2 juggernauts (Depths:4)
  Jory (Crypt:2)
  A draconian scorcher (Depths:4)
  A vault guard (Vaults:2)
  An ice dragon (Depths:4)
  An iron troll (Depths:4)
  2 deep trolls (Depths:4)
9 creatures vanquished.

Vanquished Creatures (others)
  A rakshasa (Depths:2)
  A vault guard (Vaults:2)
  A naga warrior (Snake:4)
  A deep elf zephyrmancer (Elf:2)
  A deep elf pyromancer (Elf:1)
  A human (Snake:2)
  2 orc warriors
  A swamp drake (Lair:5)
  An orc priest (Orc:1)
  An orc wizard (Orc:1)
  2 orcs
  6 demonic plants
  22 fungi
  97 plants
  7 starspawn tentacles (WizLab)
  16 tentacles
161 creatures vanquished.

Grand Total: 2677 creatures vanquished

Notes
Turn   | Place    | Note
-------+----------+-------------------------------------------
     0 | D:1      | Lobster4 the Draconian Conjurer began the quest for the
                  | Orb.
     0 | D:1      | Reached XP level 1. HP: 14/14 MP: 3/3
   254 | D:1      | Reached XP level 2. HP: 22/22 MP: 1/5
   257 | D:1      | Learned a level 2 spell: Searing Ray
   563 | D:1      | Reached skill level 1 in Fighting
   907 | D:1      | Reached XP level 3. HP: 28/28 MP: 1/6
  2264 | D:2      | Reached XP level 4. HP: 35/35 MP: 5/7
  2563 | D:3      | Found a faded altar of an unknown god.
  2593 | D:3      | Found a white marble altar of Elyvilon.
  2593 | D:3      | Found a bloodstained altar of Trog.
  2684 | D:3      | Found a radiant altar of Vehumet.
  3154 | D:3      | Reached XP level 5. HP: 41/41 MP: 5/9
  3680 | D:4      | Found a staircase to the Ecumenical Temple.
  3690 | Temple   | Entered the Ecumenical Temple
  3899 | Temple   | Became a worshipper of the Shining One
  3938 | D:4      | Found an ancient bone altar of Kikubaaqudgha.
  3974 | D:4      | Noticed Eustachio
  3993 | D:4      | Reached skill level 2 in Fighting
  4477 | D:4      | Reached skill level 1 in Evocations
  4826 | D:4      | Reached skill level 1 in Throwing
  5175 | D:5      | Entered Level 5 of the Dungeon
  5193 | D:5      | Reached XP level 6. HP: 44/48 MP: 1/10
  5339 | D:5      | Found an ornate altar of the Wu Jian Council.
  5561 | D:5      | Reached skill level 1 in Short Blades
  5655 | D:5      | Found a glowing drain.
  5663 | Sewer    | Entered a sewer
  6895 | D:5      | Found a burning altar of Makhleb.
  6904 | D:5      | Your scales start taking on a pale cyan-grey colour.
  6904 | D:5      | Reached XP level 7. HP: 56/56 MP: 4/11
  6904 | D:5      | Gained mutation: You are immune to the effects of steam.
                  | [Pale Draconian growth]
  7002 | D:5      | Found a broken altar of Ashenzari.
  7367 | D:5      | Reached skill level 3 in Fighting
  7367 | D:5      | Reached skill level 5 in Conjurations
  7654 | D:6      | Reached skill level 1 in Staves
  7654 | D:6      | Reached skill level 1 in Invocations
  7924 | D:6      | Reached * piety under the Shining One
  8216 | D:6      | Reached XP level 8. HP: 63/63 MP: 6/13
  8318 | D:6      | Learned a level 2 spell: Poisonous Vapours
  8959 | D:7      | Reached skill level 1 in Air Magic
  8973 | D:7      | Reached skill level 1 in Poison Magic
  8978 | D:7      | Reached skill level 4 in Fighting
  9089 | D:7      | Found a flagged portal.
  9095 | Bailey   | Entered a bailey
  9643 | Bailey   | Reached skill level 6 in Fighting
  9643 | Bailey   | Reached skill level 5 in Dodging
  9643 | Bailey   | Reached skill level 5 in Stealth
  9643 | Bailey   | Reached skill level 5 in Spellcasting
  9643 | Bailey   | Reached skill level 5 in Invocations
  9643 | Bailey   | Reached XP level 9. HP: 75/75 MP: 14/17
  9724 | Bailey   | Noticed an orc knight
  9745 | Bailey   | Killed an orc knight
  9746 | Bailey   | Reached XP level 10. HP: 71/83 MP: 9/18
  9914 | Bailey   | Reached skill level 5 in Air Magic
 10026 | Bailey   | Noticed an orc knight
 10026 | Bailey   | Noticed an orc knight
 10053 | Bailey   | Killed an orc knight
 10101 | Bailey   | Killed an orc knight
 10735 | D:7      | Reached skill level 7 in Fighting
 10740 | D:7      | Reached ** piety under the Shining One
 11713 | D:8      | Found Ydetoon's Antique Armour Shoppe.
 11791 | D:8      | Found a hide-covered altar of Uskayaw.
 12646 | D:9      | Reached XP level 11. HP: 90/92 MP: 13/20
 12889 | D:9      | Noticed a green ugly thing
 12895 | D:9      | Noticed a centaur warrior
 13125 | D:9      | Found a shadowy altar of Dithmenos.
 13323 | D:9      | Killed a green ugly thing
 14017 | D:9      | Noticed an eight-headed hydra
 14069 | D:9      | Noticed a two-headed ogre
 14090 | D:9      | Killed a two-headed ogre
 14091 | D:9      | Reached skill level 8 in Fighting
 14308 | D:9      | Killed a centaur warrior
 14649 | D:9      | Noticed a two-headed ogre
 14667 | D:9      | Killed a two-headed ogre
 14668 | D:9      | Reached skill level 5 in Evocations
 14845 | D:9      | Killed an eight-headed hydra
 14874 | D:10     | Entered Level 10 of the Dungeon
 15123 | D:10     | Reached *** piety under the Shining One
 15193 | D:10     | Found a staircase to the Orcish Mines.
 15196 | D:10     | Reached XP level 12. HP: 42/103 MP: 20/23
 15419 | D:10     | Found Udeurph's Weapon Shoppe.
 15557 | D:10     | Learned a level 4 spell: Iskenderun's Mystic Blast
 15623 | D:10     | Noticed a two-headed ogre
 15646 | D:10     | Killed a two-headed ogre
 15754 | D:10     | Reached skill level 1 in Polearms
 15754 | D:10     | Reached skill level 1 in Shields
 15754 | D:10     | Reached skill level 1 in Fire Magic
 16208 | D:10     | Reached skill level 9 in Fighting
 16208 | D:10     | Reached skill level 1 in Translocations
 16688 | D:11     | Found a blossoming altar of Fedhas.
 17266 | D:11     | Found a staircase to the Lair.
 17470 | D:12     | Noticed a boulder beetle
 17470 | D:12     | Noticed a four-headed hydra
 17519 | Orc:1    | Entered Level 1 of the Orcish Mines
 17686 | Orc:2    | Entered Level 2 of the Orcish Mines
 17688 | Orc:2    | Noticed Saint Roka
 17698 | Orc:2    | Killed Saint Roka
 18023 | Orc:2    | Found a staircase to the Elven Halls.
 18196 | Orc:2    | Learned a level 2 spell: Blink
 18404 | Orc:2    | Noticed Jorgrun
 18437 | Orc:2    | Killed Jorgrun
 19027 | Orc:2    | Reached **** piety under the Shining One
 19081 | Orc:2    | Reached XP level 13. HP: 106/112 MP: 22/25
 19325 | Orc:2    | Reached skill level 10 in Conjurations
 19622 | Orc:2    | Reached skill level 10 in Fighting
 19806 | Orc:2    | Found Zaydoddo's Jewellery Shop.
 19806 | Orc:2    | Found Sailouf's Magic Scroll Shop.
 19807 | Orc:2    | Found Garphewa's Assorted Antiques.
 19807 | Orc:2    | Found Dengagoi's Antique Armour Shoppe.
 19818 | Orc:2    | Bought a scroll labelled APUFUTHREVEADD for 18 gold pieces
 19818 | Orc:2    | Bought a scroll of identify for 36 gold pieces
 19830 | Orc:2    | Bought a scroll of identify for 28 gold pieces
 19830 | Orc:2    | Bought a scroll of identify for 28 gold pieces
 20075 | Orc:2    | Bought a runed cloak for 187 gold pieces
 20081 | Orc:2    | Upgraded the game from 0.30-a0-867-g305f33218d to
                  | 0.30-a0-870-gc5d4c5acee
 20098 | Orc:2    | Bought the ring "Vuxkoastriw" {rElec Int+6} for 750 gold
                  | pieces
 20905 | Orc:1    | Noticed an orc warlord
 20943 | Orc:1    | Reached ***** piety under the Shining One
 21492 | Orc:1    | Killed an orc warlord
 21905 | Lair:1   | Entered Level 1 of the Lair of Beasts
 22168 | Lair:1   | Reached skill level 5 in Shields
 22894 | Lair:1   | Learned a level 4 spell: Airstrike
 22898 | Lair:1   | Learned a level 3 spell: Swiftness
 22900 | Lair:1   | Learned a level 1 spell: Shock
 23297 | Lair:2   | Found a staircase to the Shoals.
 23747 | Lair:1   | Reached XP level 14. HP: 55/122 MP: 27/27
 24306 | Lair:2   | Found a staircase to the Snake Pit.
 24526 | Lair:2   | Reached skill level 11 in Fighting
 25365 | Lair:3   | Found a gate leading to a gauntlet.
 25445 | Gauntlet | Entered a Gauntlet
 25445 | Gauntlet | Found a transporter.
 25445 | Gauntlet | Found a transporter.
 25458 | Gauntlet | Found a transporter.
 25475 | Gauntlet | Found a transporter.
 25475 | Gauntlet | Found a transporter.
 25475 | Gauntlet | Found a transporter.
 25477 | Gauntlet | Found a transporter.
 25477 | Gauntlet | Found a transporter.
 25479 | Gauntlet | Noticed a quicksilver ooze
 25490 | Gauntlet | Found a transporter.
 25506 | Gauntlet | Found a transporter.
 25516 | Gauntlet | Found a transporter.
 25530 | Gauntlet | Found a transporter.
 25564 | Gauntlet | Found a transporter.
 25576 | Gauntlet | Found a transporter.
 25614 | Gauntlet | Reached ****** piety under the Shining One
 25630 | Gauntlet | Identified the +11 trident "Xigimoqi" {protect, Contam rN+
                  | MP+9}
 25708 | Gauntlet | Identified the +0 hat "Ciybb" {Regen+ Int+2}
 25774 | Gauntlet | Identified the +0 pair of boots of Shadows and Fog {rC-
                  | Will+++ Str-3 Int+5}
 25998 | Lair:3   | Noticed Rupert
 26118 | Lair:2   | Reached skill level 10 in Dodging
 26172 | Lair:3   | Noticed Fannar
 26177 | Lair:3   | Killed Fannar
 26291 | Lair:3   | Killed Rupert
 26487 | Lair:3   | Found a runed translucent door.
 26487 | Lair:3   | Found a shimmering altar of Xom.
 26487 | Lair:3   | Noticed olddryhag's ghost (journeyman DsGl)
 26775 | Lair:4   | Noticed Nessos
 26788 | Lair:4   | Killed Nessos
 26790 | Lair:4   | Reached skill level 10 in Spellcasting
 27350 | Lair:4   | Found a staircase to the Slime Pits.
 27839 | Lair:4   | Found a shimmering blue altar of Sif Muna.
 28232 | Lair:5   | Entered Level 5 of the Lair of Beasts
 28232 | Lair:5   | Found a stormy altar of Qazlal.
 28430 | Lair:5   | Reached skill level 5 in Polearms
 28985 | Lair:5   | Reached skill level 12 in Fighting
 28990 | Lair:5   | Reached skill level 5 in Poison Magic
 29131 | Lair:5   | Reached XP level 15. HP: 132/132 MP: 29/29
 29481 | Lair:5   | Identified the amulet of the Burgomaster {RegenMP Fly}
 32929 | D:14     | Noticed Agnes
 33431 | D:14     | Noticed Snorg
 33443 | D:14     | Killed Snorg
 34397 | D:14     | Reached skill level 13 in Fighting
 34723 | D:14     | Found a gate to the Vaults.
 35048 | D:15     | Entered Level 15 of the Dungeon
 35230 | D:15     | Reached XP level 16. HP: 143/143 MP: 22/30
 35605 | D:15     | Identified Roxanne's Omnibus of Silt
 35605 | D:15     | Noticed Roxanne
 36429 | Snake:1  | Entered Level 1 of the Snake Pit
 36654 | Snake:1  | Identified the +0 leather armour of Recklessness {rPois
                  | Str+3}
 37099 | Snake:1  | Noticed Mlioglotl
 37116 | Snake:1  | Reached skill level 10 in Air Magic
 37133 | Snake:1  | Learned a level 5 spell: Freezing Cloud
 37412 | Snake:2  | Found a transporter.
 37413 | Snake:2  | Found a transporter.
 37437 | Snake:2  | Noticed Kirke
 37447 | Snake:2  | Killed Kirke
 37448 | Snake:2  | Reached skill level 1 in Ice Magic
 37564 | Snake:2  | Identified the +1 rapier "Undertaker" {freeze, rElec}
 37962 | Snake:2  | Learned a level 3 spell: Stone Arrow
 39132 | Snake:3  | Reached skill level 14 in Fighting
 39191 | Snake:3  | Reached XP level 17. HP: 152/152 MP: 31/31
 39686 | Snake:3  | Found Mudgheote's Magic Scroll Shoppe.
 39886 | Snake:4  | Entered Level 4 of the Snake Pit
 39899 | Snake:4  | Found Umihy's Mayhem Merchandise.
 39923 | Snake:4  | Learned a level 4 spell: Flame Wave
 39928 | Snake:4  | Learned a level 4 spell: Sticky Flame
 39928 | Snake:4  | Found a frozen archway.
 39952 | IceCv    | Entered an ice cave
 40988 | IceCv    | Noticed an Ice Fiend
 40992 | IceCv    | Killed an Ice Fiend
 41920 | Snake:4  | Reached skill level 10 in Polearms
 42966 | Snake:4  | Reached skill level 10 in Invocations
 43308 | Snake:4  | Got a serpentine rune of Zot
 43725 | D:4      | Killed Eustachio
 44153 | D:15     | Killed Roxanne
 44428 | Elf:1    | Entered Level 1 of the Elven Halls
 44442 | Elf:1    | Reached skill level 5 in Fire Magic
 45038 | Elf:1    | Reached XP level 18. HP: 157/161 MP: 21/33
 45251 | Elf:1    | Found Poeptext's Antique Weapon Emporium.
 45663 | Elf:1    | Identified the +7 hand axe of Tamof {freeze, rPois rCorr
                  | Str-4}
 45823 | Elf:1    | Paralysed by an air elemental for 1 turns
 45825 | Elf:1    | Identified the +5 longbow of Wu Jian's Delight {freeze, rF+
                  | Int+2}
 45827 | Elf:1    | Paralysed by an air elemental for 1 turns
 45829 | Elf:1    | Paralysed by an air elemental for 1 turns
 45836 | Elf:1    | Paralysed by an air elemental for 1 turns
 45863 | Elf:1    | Noticed a Hell Sentinel
 46077 | Elf:1    | Found a runed translucent gate.
 46077 | Elf:1    | Found a runed translucent gate.
 46077 | Elf:1    | Found a runed translucent gate.
 46077 | Elf:1    | Found a runed translucent gate.
 46077 | Elf:1    | Found a runed translucent gate.
 46078 | Elf:1    | Found a runed translucent gate.
 46169 | Elf:2    | Paralysed by an air elemental for 1 turns
 46171 | Elf:2    | Paralysed by an air elemental for 1 turns
 46250 | Elf:2    | Found a magical portal.
 46254 | WizLab   | Entered Lehudib's Moon Base
 47409 | WizLab   | Reached skill level 15 in Fighting
 47818 | WizLab   | Found a transporter.
 48679 | WizLab   | Found a transporter.
 49114 | WizLab   | Noticed a moon troll
 49689 | WizLab   | Killed a moon troll
 49768 | WizLab   | Identified the +8 great mace "Bung" {heavy, Will+}
 49769 | WizLab   | Identified the +2 helmet of Birdsong {+Blink rC- rN+ rCorr}
 49770 | WizLab   | Identified the +4 scimitar of Gehenna {flame, rC++ Dex+3}
 50035 | WizLab   | Identified the ring of the Mantidfly {Wiz Drain Int+4
                  | Dex+3}
 50601 | Elf:2    | Found a runed translucent gate.
 50602 | Elf:2    | Found a runed translucent gate.
 50602 | Elf:2    | Found a runed translucent gate.
 50657 | Elf:2    | Reached XP level 19. HP: 170/170 MP: 31/34
 50948 | Elf:2    | Found Xongeide's Magic Scroll Shop.
 51100 | Elf:3    | Entered Level 3 of the Elven Halls
 51478 | Elf:3    | Noticed Asterion
 51486 | Elf:3    | Killed Asterion
 52712 | Elf:3    | Identified the +8 battleaxe of Makhleb's Castigation
                  | {flame, rPois rF+ Will+ Str+3}
 52712 | Elf:3    | Identified the amulet of Porow {Spirit -Tele Harm Rampage
                  | Will+++}
 53127 | Elf:3    | Identified the +7 halberd of Qalud {spect, *Rage rPois rF+
                  | rCorr Int+3}
 53337 | Elf:3    | Identified the ring "Nauceodd" {rCorr Int+3}
 53407 | Elf:3    | Paralysed by an air elemental for 1 turns
 53642 | Elf:3    | Identified the +5 trident of Demonkind {heavy, rF- rC+ rN++
                  | Dex+4}
 53892 | Elf:3    | Identified the +2 spear of the Realm of Zot {holy, Str+3}
 54140 | Shoals:1 | Entered Level 1 of the Shoals
 54154 | Lair:2   | Reached skill level 15 in Conjurations
 54724 | Shoals:1 | Found a transporter.
 54724 | Shoals:1 | Found a transporter.
 54873 | Shoals:1 | Found Mickoor's Book Boutique.
 55122 | Shoals:1 | Noticed oldriver's ghost (adept GrFi)
 56209 | Shoals:2 | Noticed Polyphemus
 56221 | Shoals:2 | Killed Polyphemus
 57070 | Shoals:2 | Noticed Ilsuiw
 57105 | Shoals:2 | Killed Ilsuiw
 58572 | Shoals:3 | Found the +3 pair of seven-league boots {Rampage+∞}
 59395 | Shoals:4 | Entered Level 4 of the Shoals
 59395 | Shoals:4 | Found a stormy altar of Qazlal.
 59587 | Shoals:4 | Paralysed by an air elemental for 1 turns
 60027 | Shoals:4 | Reached skill level 1 in Earth Magic
 60033 | Shoals:4 | Paralysed by an air elemental for 1 turns
 60460 | Shoals:4 | Reached skill level 16 in Fighting
 60460 | Shoals:4 | Reached XP level 20. HP: 180/180 MP: 36/36
 60868 | Shoals:4 | Noticed Mara
 60876 | Shoals:4 | Killed Mara
 62195 | Shoals:4 | Noticed Nikola
 62255 | Shoals:4 | Killed Nikola
 62298 | Shoals:4 | Paralysed by an air elemental for 1 turns
 62483 | Shoals:4 | Got a barnacled rune of Zot
 62485 | Shoals:4 | Got the Guide on Reformation
 62719 | Shoals:4 | Reached skill level 5 in Ice Magic
 63586 | Vaults:1 | Entered Level 1 of the Vaults
 63986 | Vaults:1 | Found Funudwim's Antique Armour Emporium.
 66608 | Vaults:2 | Reached skill level 10 in Shields
 67409 | Vaults:2 | Reached XP level 21. HP: 161/189 MP: 27/37
 69518 | Vaults:2 | Reached skill level 17 in Fighting
 69580 | Vaults:2 | Found a staircase to the Crypt.
 70033 | Vaults:3 | Identified a +9 trishula of holy wrath (a +9 demon trident
                  | of flaming blessed by the Shining One)
 70033 | Vaults:3 | Received a gift from the Shining One
 70288 | Vaults:3 | Noticed an ancient lich
 70865 | Vaults:3 | Reached skill level 15 in Dodging
 73107 | Vaults:4 | Reached XP level 22. HP: 200/200 MP: 28/39
 73820 | Vaults:4 | Found a portal to a secret trove of treasure.
 74300 | Crypt:1  | Entered Level 1 of the Crypt
 76188 | Crypt:2  | Noticed Jory
 76199 | Crypt:2  | Killed Jory
 76627 | Crypt:3  | Entered Level 3 of the Crypt
 76669 | Crypt:3  | Noticed an ancient lich
 76904 | Crypt:3  | Killed an ancient lich
 76911 | Crypt:3  | Learned a level 5 spell: Arcjolt
 77129 | Crypt:3  | Reached skill level 18 in Fighting
 77304 | Crypt:3  | Found an ancient bone altar of Kikubaaqudgha.
 77848 | Crypt:3  | Noticed a dread lich
 77902 | Crypt:3  | Killed a dread lich
 78194 | Crypt:3  | Noticed Zenata
 78206 | Crypt:3  | Killed Zenata
 78491 | Crypt:3  | Found a staircase to the Tomb.
 78619 | Crypt:3  | Identified a scroll of acquirement
 78760 | Crypt:3  | Identified the +2 pair of gloves "Naen" {rPois rF- rC+
                  | Slay+4}
 79370 | Crypt:3  | Got the Directory of the Mantle and Hail
 79571 | Crypt:3  | Found the +7 great mace "Undeadhunter" {deathbane, rN+}
 79996 | Lair:3   | Killed olddryhag's ghost
 80220 | D:13     | Killed Agnes
 80810 | Elf:1    | Reached XP level 23. HP: 185/211 MP: 37/41
 80886 | Elf:1    | Upgraded the game from 0.30-a0-870-gc5d4c5acee to
                  | 0.30-a0-879-ga8ba668304
 80961 | Elf:1    | Bought an ichor-stained mace for 248 gold pieces
 80961 | Elf:1    | Identified the +4 mace of the Wolf {spect, *Noise rPois
                  | Str+6 Dex+2} (You bought it in a shop on level 1 of the
                  | Elven Halls)
 81081 | Orc:2    | Bought the ring "Futh" {rC+ Dex+6} for 750 gold pieces
 81448 | Tomb:1   | Entered Level 1 of the Tomb of the Ancients
 82442 | Tomb:1   | Noticed a royal mummy
 82448 | Tomb:1   | Noticed a royal mummy
 82934 | D:15     | Reached skill level 19 in Fighting
 82954 | D:15     | Found a staircase to the Depths.
 83200 | Depths:1 | Entered Level 1 of the Depths
 83577 | Depths:1 | Gained mutation: You are strong-willed. (Will+) [a neqoxec]
 83755 | D:15     | Gained mutation: Your body sometimes deteriorates upon
                  | taking damage. [a cacodemon]
 83849 | Depths:1 | Identified the +9 flail of the Keeping Madman {heavy,
                  | +Blink rN+}
 84270 | Depths:1 | Reached skill level 15 in Polearms
 84428 | Depths:1 | Found a one-way gateway to a ziggurat.
 84852 | Depths:1 | Noticed Sojobo
 84890 | Depths:1 | Found Puagh's Fire Supplies.
 84896 | Depths:1 | Killed Sojobo
 85143 | Depths:1 | Found a one-way gate to the infinite horrors of the Abyss.
 85432 | Depths:1 | Found a gateway to Hell.
 85565 | Depths:1 | Found a glowing silver altar of Zin.
 85669 | Depths:2 | Noticed Bai Suzhen
 85669 | Depths:2 | Found a sparkling altar of Nemelex Xobeh.
 86280 | Depths:2 | Found a one-way gate leading to the halls of Pandemonium.
 87095 | Depths:2 | Killed Bai Suzhen
 87163 | Depths:2 | You fall into a shaft and drop 2 floors!
 87163 | Depths:4 | Entered Level 4 of the Depths
 87163 | Depths:4 | Found a gate to the Realm of Zot.
 87467 | Depths:4 | Noticed a caustic shrike
 87713 | Depths:4 | Noticed a caustic shrike
 87715 | Depths:4 | Noticed a caustic shrike
 87891 | Depths:3 | Reached XP level 24. HP: 206/223 MP: 41/41
 87910 | Depths:3 | Identified the ring of Symmetry {*Slow rPois rC+ rN+ SInv}
 87918 | Depths:3 | Reached skill level 20 in Fighting
 88260 | Depths:3 | Reached skill level 15 in Invocations
 89270 | Depths:2 | Noticed a juggernaut
 89515 | Depths:2 | Identified the +10 shortbow "Concordance" {freeze, rN+
                  | Will++ Dex-4 SInv}
 89954 | Depths:3 | Found Honouj's Jewellery Boutique.
 89959 | Depths:3 | Found Jumoedgh's Jewellery Boutique.
 89961 | Depths:3 | Found Zyucvimoo's Book Shoppe.
 89974 | Depths:3 | Bought the ring of Oqoapp {rF+ rN+ Int+3 Dex+4} for 730
                  | gold pieces
 90208 | Depths:3 | Reached skill level 15 in Air Magic
 90842 | Depths:4 | Reached skill level 15 in Spellcasting
 91034 | Depths:4 | Noticed a juggernaut
 91586 | Depths:4 | Noticed a juggernaut
 91598 | Depths:4 | Killed a juggernaut
 91621 | Depths:4 | Killed a juggernaut
 92425 | Shoals:1 | Killed oldriver's ghost
 92447 | Shoals:1 | Identified the ring of Eriegow {rC+ Str+3}
 93120 | Vaults:4 | You paid a toll of 4 potions of resistance to enter a
                  | treasure trove
 93121 | Trove    | Entered a treasure trove
 93131 | Trove    | Identified the +2 short sword of Bonkim {protect, *Noise
                  | rC+ rN+}
 93139 | Trove    | Identified the ring of Autotheism {rF- rC+++ MP+9 Dex+6}
 93145 | Trove    | Identified the ring "Luuffets" {rC+ Slay+4}
 93209 | Vaults:5 | Entered Level 5 of the Vaults
 93578 | Vaults:5 | Gained mutation: Your body often deteriorates upon taking
                  | damage. [a shining eye]
 93697 | Vaults:5 | Noticed an ancient lich
 93705 | Vaults:5 | Identified the ring "Tips" {rPois Will+ Int+3 Dex-3}
 93935 | Vaults:5 | Reached XP level 25. HP: 201/234 MP: 32/42
 93999 | Vaults:5 | Noticed an ancient lich
 94039 | Vaults:5 | Killed an ancient lich
 94045 | Vaults:5 | Killed an ancient lich
 94781 | Vaults:5 | Reached skill level 21 in Fighting
 94953 | Vaults:5 | Found the +2 shield of Resistance {rF++ rC++ Will++}
 95218 | Vaults:5 | Identified the ring of Puituer {Drain Will+ Int+2 SInv}
 95270 | Vaults:5 | Noticed a dread lich
 95273 | Vaults:5 | Identified the +0 longbow of Autumn {speed, Will+ MP+9
                  | Str-3}
 95280 | Vaults:5 | Noticed an ancient lich
 95282 | Vaults:5 | Killed a dread lich
 95307 | Vaults:5 | Killed an ancient lich
 95755 | Vaults:5 | Noticed an ancient lich
 95770 | Vaults:5 | Killed an ancient lich
 95792 | Vaults:5 | Got a silver rune of Zot
 95793 | Vaults:5 | Identified the ring "Hajaedu" {Will+ Int+3 Dex+5 Slay+3}
 95870 | Vaults:5 | Got the Almanac of the Gathering and the Mortuary
 95873 | Vaults:5 | Identified the +2 leather armour of Ferocious Lucidity
                  | {Will+ Regen+ Str+8 Stlth-}
 96181 | Vaults:5 | Acquired the +3 crown of Dyrovepreva {rElec Int+2 SInv}
 96181 | Vaults:5 | Found the +3 crown of Dyrovepreva {rElec Int+2 SInv}
 97951 | Snake:1  | Killed Mlioglotl
 98357 | Depths:2 | Killed a juggernaut
 98504 | Zot:1    | Entered Level 1 of the Realm of Zot
 99003 | Zot:1    | Identified the +5 dagger of Dycleg {freeze, *Rage rF+ Str+7
                  | Stlth-}
100387 | Zot:1    | Found a hide-covered altar of Uskayaw.
100983 | Zot:2    | Noticed an ancient lich
100984 | Zot:2    | Noticed Joggorr's ghost (veteran OgBe)
100986 | Zot:2    | Identified the ring "Cuxo" {Ice Str+3 Dex+3}
100986 | Zot:2    | Noticed Josephina
101012 | Zot:2    | Killed Josephina
101209 | Zot:2    | Reached XP level 26. HP: 196/246 MP: 35/43
101882 | Zot:2    | Found a transporter.
101897 | Zot:2    | Found a transporter.
102640 | Zot:3    | Reached skill level 22 in Fighting
103447 | Zot:4    | Noticed an orb of fire
103449 | Zot:4    | Gained mutation: You are weak. (Str -2) [an orb of fire]
103449 | Zot:4    | Gained mutation: You occasionally shout uncontrollably at
                  | your foes. [an orb of fire]
103467 | Zot:4    | Gained mutation: Your spells are a little easier to cast,
                  | but a little less powerful. [an orb of fire]
103471 | Zot:4    | Killed an orb of fire
103472 | Zot:4    | Lost mutation: Your body often deteriorates upon taking
                  | damage. [potion of mutation]
103472 | Zot:4    | Lost mutation: Your spells are a little easier to cast, but
                  | a little less powerful. [potion of mutation]
103472 | Zot:4    | Lost mutation: Your body sometimes deteriorates upon taking
                  | damage. [potion of mutation]
103472 | Zot:4    | Gained mutation: You have a pair of small horns on your
                  | head. [potion of mutation]
104227 | Zot:4    | Found the +4 dragonskin cloak
104227 | Zot:4    | Noticed Tiamat
104260 | Zot:4    | Was placed under penance by the Shining One
104266 | Zot:4    | Killed Tiamat
105009 | Zot:4    | Noticed an orb of fire
105150 | Zot:4    | Gained mutation: Your magical capacity is low. (-10% MP)
                  | [an orb of fire]
105172 | Zot:4    | Gained mutation: Your spells are a little easier to cast,
                  | but a little less powerful. [an orb of fire]
105175 | Zot:4    | Gained mutation: Your body sometimes deteriorates upon
                  | taking damage. [an orb of fire]
105185 | Zot:4    | Killed an orb of fire
105189 | Zot:4    | Lost mutation: Your magical capacity is low. (-10% MP)
                  | [potion of mutation]
105189 | Zot:4    | Lost mutation: Your spells are a little easier to cast, but
                  | a little less powerful. [potion of mutation]
105189 | Zot:4    | Lost mutation: Your body sometimes deteriorates upon taking
                  | damage. [potion of mutation]
105189 | Zot:4    | Gained mutation: You sometimes lose your temper in combat.
                  | [potion of mutation]
105189 | Zot:4    | Gained mutation: You have a pair of horns on your head.
                  | [potion of mutation]
105189 | Zot:4    | Gained mutation: You are covered in fur. (AC +1) [potion of
                  | mutation]
105446 | Zot:4    | Identified the +11 short sword of the Skies Above {freeze,
                  | Fly rC+ Will-}
105618 | Zot:5    | Entered Level 5 of the Realm of Zot
106576 | Zot:5    | Noticed a dread lich
106815 | Zot:5    | Noticed an orb of fire
106848 | Zot:5    | Noticed an orb of fire
106858 | Zot:4    | Killed a dread lich
107061 | Zot:5    | Noticed an orb of fire
107074 | Zot:4    | Gained mutation: You occasionally lose the ability to read
                  | scrolls when taking damage. [an orb of fire]
107081 | Zot:4    | Killed an orb of fire
107148 | Zot:4    | Lost mutation: You sometimes lose your temper in combat.
                  | [potion of mutation]
107148 | Zot:4    | Lost mutation: You are weak. (Str -2) [potion of mutation]
107148 | Zot:4    | Lost mutation: You are covered in fur. (AC +1) [potion of
                  | mutation]
107148 | Zot:4    | Gained mutation: You sometimes lose the ability to read
                  | scrolls when taking damage. [potion of mutation]
107148 | Zot:4    | Gained mutation: You occasionally lose the ability to drink
                  | potions when taking damage. [potion of mutation]
107148 | Zot:4    | Gained mutation: You are covered in fur. (AC +1) [potion of
                  | mutation]
107149 | Zot:4    | Lost mutation: You are covered in fur. (AC +1) [potion of
                  | mutation]
107149 | Zot:4    | Lost mutation: You sometimes lose the ability to read
                  | scrolls when taking damage. [potion of mutation]
107149 | Zot:4    | Lost mutation: You occasionally shout uncontrollably at
                  | your foes. [potion of mutation]
107149 | Zot:4    | Gained mutation: You sometimes lose the ability to drink
                  | potions when taking damage. [potion of mutation]
107149 | Zot:4    | Gained mutation: You occasionally shout uncontrollably at
                  | your foes. [potion of mutation]
107149 | Zot:4    | Gained mutation: You are vulnerable to cold. (rC-) [potion
                  | of mutation]
107150 | Zot:4    | Lost mutation: You occasionally lose the ability to read
                  | scrolls when taking damage. [potion of mutation]
107150 | Zot:4    | Lost mutation: You have a pair of horns on your head.
                  | [potion of mutation]
107150 | Zot:4    | Gained mutation: Your tail ends in a venomous barb. [potion
                  | of mutation]
107151 | Zot:4    | Lost mutation: Your tail ends in a venomous barb. [potion
                  | of mutation]
107151 | Zot:4    | Lost mutation: You are strong-willed. (Will+) [potion of
                  | mutation]
107151 | Zot:4    | Lost mutation: You are vulnerable to cold. (rC-) [potion of
                  | mutation]
107151 | Zot:4    | Lost mutation: You occasionally shout uncontrollably at
                  | your foes. [potion of mutation]
107151 | Zot:4    | Gained mutation: Your magical capacity is low. (-10% MP)
                  | [potion of mutation]
107151 | Zot:4    | Gained mutation: Your tail ends in a venomous barb. [potion
                  | of mutation]
107155 | Zot:5    | Gained mutation: Your spells are a little easier to cast,
                  | but a little less powerful. [an orb of fire]
107200 | Zot:5    | Reached skill level 23 in Fighting
107260 | Zot:5    | Gained mutation: You are strong-willed. (Will+) [an orb of
                  | fire]
107265 | Zot:5    | Gained mutation: Your magical capacity is very low. (-20%
                  | MP) [an orb of fire]
107266 | Zot:5    | Killed an orb of fire
107287 | Zot:5    | Learned a level 6 spell: Iron Shot
107302 | Zot:5    | Noticed an orb of fire
107303 | Zot:5    | Noticed an orb of fire
107309 | Zot:5    | Gained mutation: You are vulnerable to cold. (rC-) [an orb
                  | of fire]
107309 | Zot:5    | Gained mutation: You sometimes lose your temper in combat.
                  | [an orb of fire]
107312 | Zot:5    | Gained mutation: You have large cloven feet. [an orb of
                  | fire]
107317 | Zot:5    | Gained mutation: You are dopey. (Int -2) [an orb of fire]
107317 | Zot:5    | Gained mutation: You have an uncontrollable temper. [an orb
                  | of fire]
107324 | Zot:5    | Gained mutation: You occasionally lose the ability to read
                  | scrolls when taking damage. [an orb of fire]
107336 | Zot:4    | Gained mutation: You are clumsy. (Dex -2) [an orb of fire]
107337 | Zot:4    | Killed an orb of fire
107338 | Zot:4    | Lost mutation: You sometimes lose the ability to drink
                  | potions when taking damage. [potion of mutation]
107338 | Zot:4    | Lost mutation: You have an uncontrollable temper. [potion
                  | of mutation]
107338 | Zot:4    | Lost mutation: You have large cloven feet. [potion of
                  | mutation]
107338 | Zot:4    | Gained mutation: You are resistant to electric shocks.
                  | (rElec) [potion of mutation]
107339 | Zot:4    | Lost mutation: You occasionally lose the ability to read
                  | scrolls when taking damage. [potion of mutation]
107339 | Zot:4    | Lost mutation: You have a pair of small horns on your head.
                  | [potion of mutation]
107339 | Zot:4    | Gained mutation: You are very dopey. (Int -4) [potion of
                  | mutation]
107339 | Zot:4    | Gained mutation: You have a somewhat thin skeletal
                  | structure. (Dex +2, Stealth+) [potion of mutation]
107340 | Zot:4    | Lost mutation: Your magical capacity is very low. (-20% MP)
                  | [potion of mutation]
107340 | Zot:4    | Lost mutation: You sometimes lose your temper in combat.
                  | [potion of mutation]
107523 | Zot:5    | Killed an orb of fire
107692 | Zot:5    | Noticed a dread lich
107706 | Zot:5    | Gained mutation: Your body sometimes deteriorates upon
                  | taking damage. [an orb of fire]
107731 | Zot:4    | Gained mutation: You have hidden genetic defects. [an orb
                  | of fire]
107741 | Zot:4    | Killed an orb of fire
107742 | Zot:4    | Reached XP level 27. HP: 165/258 MP: 18/39
107986 | Zot:4    | Killed a dread lich
108560 | Zot:5    | Noticed an orb of fire
108568 | Zot:5    | Gained mutation: You have terrible hidden genetic defects.
                  | [an orb of fire]
108583 | Zot:5    | Gained mutation: You do not regenerate when monsters are
                  | visible. [an orb of fire]
108584 | Zot:5    | Killed an orb of fire
108604 | Zot:5    | Lost mutation: You are very dopey. (Int -4) [potion of
                  | mutation]
108604 | Zot:5    | Lost mutation: You occasionally lose the ability to drink
                  | potions when taking damage. [potion of mutation]
108604 | Zot:5    | Lost mutation: Your body sometimes deteriorates upon taking
                  | damage. [potion of mutation]
108604 | Zot:5    | Lost mutation: Your spells are a little easier to cast, but
                  | a little less powerful. [potion of mutation]
108604 | Zot:5    | Gained mutation: You are highly strong-willed. (Will++)
                  | [potion of mutation]
108692 | Zot:5    | Was forgiven by the Shining One
109086 | Zot:5    | Noticed an ancient lich
109092 | Zot:5    | Killed an ancient lich
109109 | Zot:5    | Noticed a dread lich
109115 | Zot:5    | Killed a dread lich
109123 | Zot:5    | Gained mutation: Your body sometimes deteriorates upon
                  | taking damage. [hidden defects]
110206 | Zot:5    | Reached skill level 5 in Earth Magic
110213 | Zot:5    | Noticed an orb of fire
110214 | Zot:5    | Gained mutation: You are robust. (+10% HP) [an orb of fire]
110215 | Zot:5    | Gained mutation: Your magical capacity is very low. (-20%
                  | MP) [an orb of fire]
110228 | Zot:5    | Killed an orb of fire
110377 | Zot:5    | Got the Orb of Zot
110424 | Zot:4    | Noticed Iduoh the pandemonium lord
111028 | D:10     | Noticed Yriugati the pandemonium lord
111101 | D:6      | Noticed Gunwewoi the pandemonium lord
111332 | D:1      | Lost mutation: You are robust. (+10% HP) [hidden defects]
111332 | D:1      | Lost mutation: You have terrible hidden genetic defects.
                  | [hidden defects expressed]
111344 | D:$      | Escaped with the Orb!

Illustrated notes

Levels and vault maps discovered:
D:1:      roderic_dead_forest, layout_loops_corners, minmay_misc_feat_alley
D:2:      layout_rooms
D:3:      layout_basic, grunt_temple_overflow_open,
          shapermc_ecumenical_altar_mp_highgroup, kennysheep_boxes
D:4:      layout_gridville, kiku_gazebo_garden_becter,
          minmay_temple_entry_stoned_glass, uniq_eustachio
D:5:      layout_basic, mainiacjoe_overflow_24_doors, bloody_makhleb,
          nzn_wu_jian_council_hall, lightli_sewer_entry_pipes
D:6:      layout_layer_cave
D:7:      minmay_general_purpose_star, layout_rooms, gup_ossuary_entry_pyramid,
          enter_bailey_3, nicolae_concentric_dashed_squares_wild,
          minmay_statues_item
D:8:      layout_basic, old_standard_altar, serial_shops, shop
D:9:      minmay_the_grid_four_pointed_star
          [minmay_the_grid_triangle_9x9_warning,
          minmay_the_grid_triangle_9x9_shrine,
          minmay_the_grid_triangle_9x9_impossible_snake,
          minmay_the_grid_triangle_9x9_cache, minmay_the_grid_prize_trominoes],
          layout_basic, mainiacjoe_overflow_catwalk
D:10:     layout_basic, kennysheep_orc_monster_closet_entryway, serial_shops,
          shop
D:11:     layout_rooms, lair_entry_dummy, fedhas_altar_3
D:12:     layout_gridville
D:13:     layout_roguey
D:14:     minmay_angry_zag, layout_layer_cave,
          hangedman_vaults_entry_quadrant_bands, grunt_decor_junction,
          uniq_agnes, uniq_snorg
D:15:     grunt_enter_depths_snipers, layout_cave_pods, dk_noncrumbling_3,
          uniq_roxanne
Temple:   nicolae_temple_figure_eight
Lair:1:   layout_hall_layers, worms_lemuel
Lair:2:   layout_chaotic_city, nicolae_shoals_entry_roost,
          guppyfry_snake_entry_garden, beast_lair_carwin_10,
          infiniplex_staircase_pool, grunt_megastairs_3, lemuel_fruit_tree
Lair:3:   layout_hall_layers, gauntlet_entry_generic, ebering_ghost_xom,
          uniq_fannar, uniq_rupert
Lair:4:   layout_cave_pods, nicolae_slime_entry_slimehenge, basic_altar,
          nzn_sisyphean_effort, uniq_nessos
Lair:5:   guppyfry_lair_end_dragon, layout_layer_cave,
          hangedman_lair_caniforms_friends, basic_altar,
          kennysheep_abandoned_house, grunt_megastairs_1
Shoals:1: layout_shoals, ebering_ghost_davey_jones, serial_shops,
          nicolae_diamond_shop
Shoals:2: layout_shoals, uniq_polyphemus, uniq_ilsuiw
Shoals:3: layout_shoals, yaktaur_hedge
Shoals:4: shoals_end_hellmonk_storm_palace [storm_palace_center_square,
          storm_palace_corner_altar, storm_palace_corner_reverse_hut,
          storm_palace_corner_narrow, storm_palace_corner_reverse_hut],
          uniq_nikola, uniq_mara
Snake:1:  layout_cave_shapes, grunt_megastairs_4, uniq_mlioglotl
Snake:2:  gammafunk_the_bubble [the_bubble_gammafunk_crates], layout_basic,
          nicolae_elevator_lobby_asterisk, uniq_kirke
Snake:3:  layout_grid_shapes, serial_shops, nicolae_take_the_stairs,
          st_stairs_4, serial_bayou_shore_a
Snake:4:  snake_pit, layout_basic, portal_ice_cave_entry_dragon,
          minmay_shop_mayhem
Orc:1:    layout_caves
Orc:2:    st_orc_elflike, layout_caves, basic_altar, uniq_jorgrun,
          uniq_saint_roka
Elf:1:    elf_arrival_002, layout_rooms, serial_shops, nicolae_shop_crystal,
          orc_legates, serial_sigils_hangedman_shear, st_stairs_12
Elf:2:    nicolae_elf_blades_crystal_corner, layout_geoelf_octagon,
          serial_shops, nicolae_shop_trees, mu_enter_wizlab_7,
          nicolae_elf_archery_training
Elf:3:    grunt_elf_hall_branching, layout_onion_city, uniq_asterion
Vaults:1: vaults_room_mumra_shop_pool, nicolae_vaults_little_ls, v_misc_29,
          grunt_vaults_focal, v_rooms_6, nicolae_vaults_little_squares_2,
          v_misc_22, hangedman_vaults_cutoff, nicolae_vaults_theta,
          vaults_room_corners, nicolae_vaults_network_barrier,
          layout_vaults_big_room
Vaults:2: v_misc_27, v_rooms_4, ontoclasm_vaults_ring_small,
          nicolae_vaults_little_squares_4, dpeg_vaults_monster_row, v_misc_19,
          hangedman_vaults_nodes, minmay_crypt_entry_skeletal_spiral,
          grunt_vaults_hallway_short, v_misc_8, ontoclasm_vaults_twist,
          hangedman_vaults_cutoff, vaults_room_fours, ontoclasm_vaults_pinch,
          layout_vaults_omnicross, serial_shops
Vaults:3: nicolae_vaults_triangles, grunt_vaults_swirl,
          nicolae_vaults_specimen_jars, v_rooms_2, hangedman_vaults_trim,
          nicolae_vaults_little_squares_5, vaults_room_ringed_pool,
          vaults_room_corners, hangedman_vaults_stitches,
          vaults_dpeg_encased_lava, layout_vaults_ring
Vaults:4: nicolae_vaults_back_hallway, v_misc_25, st_more_cells,
          vaults_room_grid, nicolae_vaults_alarming, layout_vaults_omnigrid,
          enter_trove_3
Vaults:5
Crypt:1:  layout_rooms
Crypt:2:  layout_gridlike, st_stairs_5, uniq_jory
Crypt:3:  church_of_pain_bobbens, layout_chaotic_city, uniq_zenata
Tomb:1
Depths:1: layout_basic, enter_ziggurat_b, eino_curves_01, abyss_entry_crystal,
          grunt_hell_entry_demonic_statue, nicolae_shop_fire_sale
          [nicolae_sub_dead_trees], zin_treasury, uniq_sojobo
Depths:2: minmay_two_paths, layout_cave_shapes, rand_demon_pan_entry_4,
          hell_entry, nemelex_xobeh_ov_fountains_minmay, uniq_bai_suzhen
Depths:3: nzn_winding_woodlands_cross [nzn_winding_woodlands_5x15_split_checker,
          nzn_winding_woodlands_5x15_concentric,
          nzn_winding_woodlands_5x15_zeroes,
          nzn_winding_woodlands_5x15_sawtooth,
          nzn_winding_woodlands_15x15_killbox], layout_gridlike,
          pf_hell_entry_tar_river, abyss_entry, hangedman_abyss_or_decor_clamps,
          infiniplex_staircase_zigzag_5, minmay_shop_grove
Depths:4: evilmike_zot_entry_round, layout_cave_pools,
          grunt_hell_entry_dis_grunt, corexii_leaking_fountain,
          grunt_ministairs_10
Zot:1:    lemuel_draconian_sentries_small, layout_misc_corridors, basic_altar
Zot:2:    layout_onion_interference, gammafunk_ghost_abyssal_escape,
          uniq_josephina
Zot:3:    layout_misc_corridors
Zot:4:    kennysheep_oblong_rooms, layout_concentric_octagons,
          hangedman_zot_decor_unnerving_road, uniq_tiamat
Zot:5:    layout_cathedral_of_symmetry

Skill      XL: |  1  2  3  4  5  6  7  8  9 10 11 12 13 14 15 16 17 18 19 20 21 22 23 24 25 26 27 |
---------------+----------------------------------------------------------------------------------+-----
Stealth        | 2 3 5 6 |  6.0
Dodging        | 2 3 5 6 7 8 9 10 11 12 13 14 15 16 17 18 19 | 19.6
Fighting       | 1 2 3 6 7 8 9 10 12 13 14 15 16 17 18 19 20 21 23 | 23.7
Evocations     | 1 2 3 5 6 |  6.0
Throwing       | 1 2 |  2.0
Short Blades   | 1 |  1.6
Spellcasting   | 3 5 6 7 8 9 10 11 12 13 14 15 16 17 | 17.4
Conjurations   | 5 7 9 10 11 12 13 14 15 16 17 18 19 | 19.1
Staves         | 1 2 3 |  3.0
Invocations    | 1 5 6 7 9 10 11 12 13 14 15 | 15.0
Air Magic      | 4 5 7 9 10 11 12 14 15 16 18 | 18.4
Poison Magic   | 4 5 6 |  6.0
Polearms       | 3 4 5 7 8 10 11 12 13 14 15 16 17 18 | 18.7
Shields        | 3 5 6 8 9 10 11 12 | 12.0
Fire Magic     | 3 5 7 8 |  8.0
Translocations | 3 |  3.0
Ice Magic      | 3 4 5 |  5.0
Earth Magic    | 1 3 5 |  5.1

Action                     |  1- 3 |  4- 6 |  7- 9 | 10-12 | 13-15 | 16-18 | 19-21 | 22-24 | 25-27 || total
---------------------------+-------+-------+-------+-------+-------+-------+-------+-------+-------++-------
  Melee: Unarmed           |    27 |       |       |       |       |       |       |       |       ||    27
         Tailslap          |     4 |     7 |     8 |    32 |   238 |    98 |   213 |   483 |   451 ||  1534
         Rapier            |       |    37 |       |       |       |       |       |       |       ||    37
         Punch             |       |     1 |       |       |     2 |       |       |       |       ||     3
         Staff             |       |       |    38 |   125 |     3 |       |       |       |       ||   166
         Trident           |       |       |       |       |   994 |   473 |   872 |  1644 |  1536 ||  5519
         Headbutt          |       |       |       |       |       |       |       |       |   104 ||   104
  Throw: Dart              |       |       |    13 |    15 |     3 |       |     1 |       |       ||    32
         Boomerang         |       |       |     1 |     3 |       |       |       |       |       ||     4
         Throwing net      |       |       |       |     3 |       |       |       |       |       ||     3
         Javelin           |       |       |       |       |       |       |     9 |       |       ||     9
   Cast: Magic Dart        |   102 |    84 |    27 |    68 |     2 |    16 |     9 |    21 |    10 ||   339
         Searing Ray       |     2 |    37 |    43 |   110 |    41 |    20 |    14 |     4 |       ||   271
         Poisonous Vapours |       |       |     3 |   160 |   225 |   107 |   176 |    63 |    61 ||   795
         Airstrike         |       |       |       |       |   504 |   546 |   774 |   558 |   329 ||  2711
         Iskenderun's Myst |       |       |       |       |   100 |    37 |    53 |    27 |    11 ||   228
         Shock             |       |       |       |       |     6 |     3 |       |       |       ||     9
         Blink             |       |       |       |       |     1 |       |       |     1 |       ||     2
         Freezing Cloud    |       |       |       |       |       |   101 |    94 |    56 |    48 ||   299
         Stone Arrow       |       |       |       |       |       |   138 |    56 |    15 |     3 ||   212
         Sticky Flame      |       |       |       |       |       |    31 |    13 |    18 |     5 ||    67
         Flame Wave        |       |       |       |       |       |     2 |     7 |    21 |       ||    30
         Arcjolt           |       |       |       |       |       |       |       |    81 |    45 ||   126
         Iron Shot         |       |       |       |       |       |       |       |       |    19 ||    19
 Invoke: Brand Weapon With |       |       |       |       |       |       |     1 |       |       ||     1
         Cleansing Flame   |       |       |       |       |       |       |       |     2 |     2 ||     4
         Summon Divine War |       |       |       |       |       |       |       |     2 |     1 ||     3
         Divine Shield     |       |       |       |       |       |       |       |       |     2 ||     2
Ability: Breathe Steam     |       |       |       |     2 |     3 |     1 |       |       |       ||     6
  Evoke: Wand              |       |       |     3 |    33 |     3 |    21 |     8 |     3 |    10 ||    81
         Lightning rod     |       |       |       |     6 |     8 |       |       |     4 |     4 ||    22
         Phantom mirror    |       |       |       |       |       |     1 |     1 |     1 |       ||     3
    Use: Scroll            |       |    12 |     5 |     7 |     9 |    11 |    11 |    10 |     9 ||    74
         Potion            |       |       |     1 |     8 |     2 |     4 |     1 |     7 |    27 ||    50
 Armour: Skin              |     6 |    22 |    35 |    92 |   504 |   228 |   206 |   359 |   348 ||  1800
  Dodge: Dodged            |    17 |    56 |    70 |   266 |  1384 |   379 |   380 |   559 |   739 ||  3850
  Block: Buckler           |       |       |       |       |   314 |    84 |       |       |       ||   398
         Kite shield       |       |       |       |       |       |   159 |   771 |  1267 |  1004 ||  3201
         Reflection        |       |       |       |       |       |    30 |   112 |    33 |    34 ||   209

Table legend: (Time is in decaauts)
 A = Elapsed time spent in this place.
 B = Non-inter-level travel time spent in this place.
 C = Inter-level travel time spent in this place.
 D = Time resting spent in this place.
 E = Time spent auto-exploring this place.
 F = Levels seen in this place.
 G = Mean time per level.
                   A        B        C        D        E       F      G
               +--------+--------+--------+--------+--------+-----+--------+
         Total | 111049 | 102316 |   8733 |  23124 |  57907 |  58 | 1914.6 |
       Dungeon |  25004 |  21471 |   3533 |   3619 |  13979 |  15 | 1666.9 |
        Temple |    221 |    210 |     11 |      0 |    205 |   1 |  221.0 |
          Lair |   9101 |   8211 |    890 |   1101 |   5010 |   5 | 1820.2 |
        Shoals |   9476 |   9120 |    356 |   2033 |   5590 |   4 | 2369.0 |
     Snake Pit |   5982 |   5435 |    547 |   1143 |   2706 |   4 | 1495.5 |
  Orcish Mines |   4757 |   4157 |    600 |   1746 |   1446 |   2 | 2378.5 |
   Elven Halls |   7043 |   6493 |    550 |   1222 |   4046 |   3 | 2347.7 |
        Vaults |  14233 |  13263 |    970 |   1690 |   9060 |   5 | 2846.6 |
         Crypt |   5311 |   5000 |    311 |    679 |   3157 |   3 | 1770.3 |
          Tomb |   1138 |   1037 |    101 |    493 |    314 |   1 | 1138.0 |
        Depths |   9353 |   8689 |    664 |   2030 |   4939 |   4 | 2338.2 |
           Zot |  11338 |  11142 |    196 |   4116 |   4617 |   5 | 2267.6 |
         Trove |     44 |     44 |      0 |      0 |      0 |   1 |   44.0 |
         Sewer |   1153 |   1153 |      0 |    244 |    789 |   1 | 1153.0 |
        Bailey |   1034 |   1034 |      0 |    469 |    228 |   1 | 1034.0 |
      Ice Cave |   1498 |   1498 |      0 |    626 |    444 |   1 | 1498.0 |
        Wizlab |   3829 |   3829 |      0 |   1743 |   1178 |   1 | 3829.0 |
      Gauntlet |    527 |    527 |      0 |    167 |    196 |   1 |  527.0 |
               +--------+--------+--------+--------+--------+-----+--------+

Top non-repeatable levels by time:
   Orc:2: 4009 daAuts
  WizLab: 3829 daAuts
Shoals:4: 3758 daAuts
Vaults:2: 3712 daAuts
   Zot:4: 3501 daAuts
   Zot:5: 3258 daAuts
Vaults:1: 3185 daAuts
Vaults:4: 2934 daAuts
   Elf:3: 2645 daAuts
    D:14: 2612 daAuts
Depths:3: 2601 daAuts
 Crypt:3: 2576 daAuts
Vaults:3: 2502 daAuts
  Lair:5: 2476 daAuts
  Lair:2: 2427 daAuts
